 Dungeon Crawl Stone Soup version 0.27-a0-679-g77a6b55cf3 (webtiles) character file.

Game seed: 13434670106425864259

166 Aapotti the Conjurer (level 5, -2/38 HPs)
             Began as a Demigod Conjurer on Mar 19, 2021.
             Slain by an orc
             ... wielding a +0 flail
              (12 damage)
             ... on level 3 of the Dungeon.
             The game lasted 00:07:25 (2921 turns).

Aapotti the Conjurer (Demigod Conjurer)             Turns: 2921, Time: 00:07:26

Health: -2/38      AC:  3    Str: 12    XL:     5   Next: 2%
Magic:  6/12       EV: 12    Int: 20    God:
Gold:   83         SH:  0    Dex: 12    Spells: 7/10 levels left

rFire    . . .     SeeInvis .   f - +0 short sword
rCold    . . .     Faith    .   (no shield)
rNeg     . . .     Spirit   .   a - +0 robe
rPois    .         Reflect  .   b - +0 helmet
rElec    .         Harm     .   (no cloak)
rCorr    .         Rampage  .   (no gloves)
Will     .....                  (no boots)
Stlth    ++........             (no amulet)
HPRegen  0.12/turn              (no ring)
MPRegen  0.13/turn              (no ring)

@: no status effects
A: high mp 1, forlorn
a: no special abilities


You were on level 3 of the Dungeon.
You visited 1 branch of the dungeon, and saw 3 of its levels.

You collected 83 gold pieces.

Inventory:

Hand Weapons
 f - a +0 short sword (weapon)
Missiles
 d - 2 curare-tipped darts
Armour
 a - a +0 robe (worn)
 b - a +0 helmet (worn)
Scrolls
 c - a scroll of immolation {unknown}
 e - 2 scrolls of teleportation {unknown}
 i - a scroll of torment {unknown}
Potions
 g - 2 potions of cancellation {unknown}
 h - a potion of mutation {unknown}
 j - a potion of degeneration {unknown}
 k - a potion of lignification {unknown}
 l - a potion of berserk rage {unknown}
 m - a potion of resistance {unknown}


   Skills:
 - Level 0.1 Fighting
 - Level 0.4 Short Blades
 + Level 2.9 Dodging
 - Level 2.0 Stealth
 + Level 3.0 Spellcasting
 + Level 4.5 Conjurations


You had 7 spell levels left.
You knew the following spells:

 Your Spells              Type           Power      Damage    Failure   Level
a - Magic Dart            Conj           84%        1d7       2%          1
b - Searing Ray           Conj           42%        3d4       3%          2

Your spell library contained the following spells:

 Spells                   Type           Power      Damage    Failure   Level
 Beastly Appendage        Tmut           6%         N/A       14%         1
 Dazzling Flash           Conj/Hex       24%        N/A       17%         3
 Wereblood                Tmut           3%         N/A       22%         2
 Spider Form              Tmut/Pois      1%         N/A       38%         3
 Fulminant Prism          Conj/Hex       6%         3d7       50%         4
 Iskenderun's Mystic Bla  Conj/Tloc      12%        2d5       50%         4
 Ice Form                 Ice/Tmut       3%         N/A       80%         4
 Blade Hands              Tmut           1%         N/A       98%         5


Dungeon Overview and Level Annotations

Branches:
Dungeon (3/15)


Innate Abilities, Weirdness & Mutations

Your attributes grow dramatically as you level up.
You have an increased reservoir of magic. (+10% MP)
You shall have no god before yourself.


Message History

A bat comes into view.
A giant cockroach and an orc come into view.
The bat hits you.
The orc moves out of view.
Found a snail-covered altar of Cheibriados.
You hit the bat.
You kill the bat!
A kobold comes into view.
It is wielding a +1 short sword of speed and quivering poisoned darts.
You see here a bat corpse.
Casting: Magic Dart (safe; 2% risk of failure)
Confirm with . or Enter, or press ? or * to list all spells.
Aiming: Magic Dart (safe; 2% risk of failure)
Press: ? - help, Shift-Dir - straight line, f - kobold
Aim: a kobold, wielding a +1 short sword of speed and quivering poisoned darts (asleep, 0% to evade)
The magic dart hits the kobold.
The kobold is severely wounded.
The kobold shouts!
The orc hits you with a +0 flail. The orc closely misses you.
The orc barely misses you.
Casting: Magic Dart (safe; 2% risk of failure)
Confirm with . or Enter, or press ? or * to list all spells.
Aiming: Searing Ray (safe; 3% risk of failure)
Press: ? - help, Shift-Dir - straight line, f/p - kobold
Aim: a kobold, wielding a +1 short sword of speed and quivering poisoned darts (heavily wounded, 28% to evade)
The searing ray hits the orc.
The orc is severely wounded.
The searing ray misses the kobold. (Press . to maintain the ray.)
The orc hits you with a +0 flail!
The searing ray misses the orc.
The searing ray hits the kobold!
You kill the kobold!
The orc hits you with a +0 flail!
* * * LOW HITPOINT WARNING * * *
Unknown command.
The searing ray misses the orc.
The searing ray hits the giant cockroach.
The giant cockroach is heavily wounded.
The orc shouts!
The orc hits you with a +0 flail!
You die...

#.# #.#.......#..
#.#.......#..
##....._..... #
#..#.K.....# #. ..#
......# #>.##.# ....
##.....####.####.##
###..###.@oB.†.......
.........#.##...##..
##.####......#.##
.....##.#.#.)...
#......o..#....
##.##...#.o......
#<...†.###..#...
######......##..
.###..#


You could see 2 orcs and a giant cockroach.

Vanquished Creatures
  Jessica (D:2)
  9 adders (D:2)
  A worm (D:3)
  A dart slug (D:1)
  2 leopard geckos
  An orc (D:3)
  8 bats
  2 giant cockroaches (D:2)
  4 hobgoblins (D:2)
  A quokka (D:2)
  6 ball pythons
  4 frilled lizards
  5 goblins
  7 kobolds
  7 rats
59 creatures vanquished.

Notes
Turn   | Place    | Note
-------+----------+-------------------------------------------
     0 | D:1      | Aapotti the Demigod Conjurer began the quest for the Orb.
     0 | D:1      | Reached XP level 1. HP: 14/14 MP: 5/5
   535 | D:1      | Reached XP level 2. HP: 20/20 MP: 4/7
   624 | D:1      | Learned a level 2 spell: Searing Ray
  1072 | D:2      | Noticed Jessica
  1147 | D:2      | Killed Jessica
  1148 | D:2      | Reached skill level 4 in Conjurations
  1148 | D:2      | Reached XP level 3. HP: 25/26 MP: 3/9
  1415 | D:2      | Reached XP level 4. HP: 33/33 MP: 5/10
  2908 | D:3      | Reached XP level 5. HP: 38/38 MP: 9/12
  2921 | D:3      | Slain by an orc

Illustrated notes

Levels and vault maps discovered:
D:1:      minmay_arrival_four_circles, layout_basic
D:2:      layout_loops_cross, nicolae_overflow_hidden_temple,
          overflow_temple_1_default, minmay_snake_closets, uniq_jessica
D:3:      layout_rooms, old_standard_altar,
          chequers_temple_overflow_statue_of_worship, uniq_ijyb

Skill      XL: |  1  2  3  4 |
---------------+-------------+-----
Spellcasting   | 2 3 |  3.0
Stealth        | 2 |  2.0
Dodging        | 2 |  2.9
Conjurations   | 4 |  4.5
Fighting       | |  0.1
Short Blades   | |  0.4

Action                   |  1- 3 |  4- 6 || total
-------------------------+-------+-------++-------
Melee: Short sword       |    11 |     8 ||    19
 Cast: Magic Dart        |    41 |    28 ||    69
       Searing Ray       |     6 |    14 ||    20
 Stab: Sleeping          |     1 |     1 ||     2
Armor: Robe              |     3 |     2 ||     5
Dodge: Dodged            |     4 |     7 ||    11

Table legend: (Time is in decaauts)
 A = Elapsed time spent in this place.
 B = Non-inter-level travel time spent in this place.
 C = Inter-level travel time spent in this place.
 D = Time resting spent in this place.
 E = Time spent auto-exploring this place.
 F = Levels seen in this place.
 G = Mean time per level.
                   A        B        C        D        E       F      G
               +--------+--------+--------+--------+--------+-----+--------+
         Total |   2922 |   2850 |     72 |   1103 |   1141 |   3 |  974.0 |
       Dungeon |   2922 |   2850 |     72 |   1103 |   1141 |   3 |  974.0 |
               +--------+--------+--------+--------+--------+-----+--------+

Top non-repeatable levels by time:
     D:2: 1784 daAuts
     D:1: 1059 daAuts
     D:3: 79 daAuts
